 Dungeon Crawl Stone Soup version 0.30.0-29-ga12c61a403 (webtiles) character file.

Game seed: 4801570882793828934

53448 yourlovingmother the Spry (level 15, 0/88 HPs)
             Began as a Kobold Brigand on June 26, 2023.
             Was a Believer of Uskayaw.
             Slain by a manticore (8 damage)
             ... while petrified by a catoblepas
             ... on level 5 of the Lair of Beasts.
             The game lasted 00:50:23 (23467 turns).

yourlovingmother the Spry (Kobold Brigand)         Turns: 23467, Time: 00:50:23

Health: 0/88       AC: 11    Str:  9    XL:     15   Next: 10%
Magic:  11/15      EV:  3    Int: 14    God:    Uskayaw [**....]
Gold:   424        SH:  0    Dex: 22    Spells: 14/14 levels left

rFire   . . .        Y - +4 rapier (spect)
rCold   . . .        (no shield)
rNeg    + + +        B - +1 scale mail "Pethriem" {rCorr Stlth+}
rPois   ∞            (no helmet)
rElec   .            c - +0 cloak
rCorr   +            y - +1 pair of gloves {infuse}
SInv    .            t - +0 pair of boots
Will    +....        l - amulet of reflection
Stlth   +++++++      o - +5 ring of evasion
HPRegen 0.34/turn    K - +4 ring of slaying
MPRegen 0.14/turn

%: reflection, infuse magic (1 MP)
@: petrified, spiked
A: small, no large weapons, nightstalker 3
a: Renounce Religion, Stomp, Line Pass


You were on level 5 of the Lair of Beasts.
You worshipped Uskayaw.
Uskayaw was noncommittal.
You visited 4 branches of the dungeon, and saw 19 of its levels.
You also visited: Volcano.

You collected 1778 gold pieces.
You spent 1354 gold pieces at shops.

Inventory:

Hand Weapons
 a - a +1 short sword of speed
 h - a +3 short sword of freezing
 Y - a +4 spectral rapier (weapon)
Missiles
 d - 71 poisoned darts (quivered)
 e - 3 curare-tipped darts
Armour
 b - a +1 chain mail of fire resistance
 c - a +0 cloak (worn)
 f - a +1 leather armour of cold resistance
 n - a +0 troll leather armour
 t - a +0 pair of boots (worn)
 y - a +1 pair of gloves of infusion (worn)
 B - the +1 scale mail "Pethriem" (worn) {rCorr Stlth+}
   (You bought it in a shop on level 2 of the Orcish Mines)

   rCorr:     It protects you from acid and corrosion.
   Stlth:     It makes you more stealthy.
Jewellery
 l - an amulet of reflection (around neck)
 m - a ring of poison resistance
 o - a +5 ring of evasion (left hand)
 J - a ring of fire
 K - a +4 ring of slaying (right hand)
Wands
 z - a wand of acid (17)
 C - a wand of polymorph (11)
 L - a wand of flame (22)
 N - a wand of mindburst (5)
 T - a wand of paralysis (4)
Scrolls
 j - a scroll of enchant weapon
 k - 4 scrolls of amnesia
 p - 3 scrolls of silence
 r - 2 scrolls of fog
 v - 6 scrolls of teleportation
 x - a scroll of immolation {unknown}
 D - a scroll of blinking
 H - a scroll of fear
 P - 5 scrolls of enchant armour
 R - 3 scrolls of magic mapping
 U - 2 scrolls of noise {unknown}
 X - a scroll of butterflies
 Z - a scroll of vulnerability {unknown}
Potions
 g - 3 potions of degeneration {unknown}
 i - 4 potions of flight
 q - a potion of ambrosia {unknown}
 s - 2 potions of attraction {unknown}
 u - 3 potions of curing
 w - a potion of invisibility {unknown}
 A - 2 potions of brilliance
 E - 2 potions of cancellation {unknown}
 F - 3 potions of haste
 I - 3 potions of berserk rage {unknown}
 M - a potion of magic {unknown}
 Q - a potion of resistance {unknown}


   Skills:
 - Level 8.0 Fighting
 * Level 11.1 Short Blades
 - Level 4.6 Throwing
 - Level 20.0 Dodging
 - Level 14.0 Stealth
 - Level 0.9 Shields
 - Level 14.0 Evocations


You had 14 spell levels left.
You didn't know any spells.
Your spell library contained the following spells:

 Spells                   Type           Power      Damage    Failure   Level
 Apportation              Tloc           0%         N/A       94%         1
 Summon Small Mammal      Summ           0%         N/A       94%         1
 Lesser Beckoning         Tloc           0%         N/A       98%         2
 Call Canine Familiar     Summ           0%         N/A       100%        3
 Dazzling Flash           Conj/Hex       0%         N/A       100%        3
 Gell's Gravitas          Tloc           0%         N/A       100%        3
 Inner Flame              Hex/Fire       0%         N/A       100%        3
 Summon Guardian Golem    Hex/Summ       0%         N/A       100%        3
 Teleport Other           Tloc           0%         N/A       100%        3
 Passage of Golubria      Tloc           0%         N/A       100%        4
 Agony                    Necr           0%         N/A       100%        5
 Alistair's Intoxication  Tmut/Pois      0%         N/A       100%        5
 Silence                  Hex/Air        0%         N/A       100%        5
 Yara's Violent Unravell  Hex/Tmut       0%         3d3       100%        5
 Enfeeble                 Hex            0%         N/A       100%        7
 Lehudib's Crystal Spear  Conj/Erth      0%         10d2      100%        8


Dungeon Overview and Level Annotations

Branches:
Dungeon (11/15)            Temple (1/1) D:7            Lair (5/5) D:9
  Swamp (0/4) Lair:2        Snake (0/4) Lair:2        Slime (0/5) Lair:4
    Orc (2/2) D:9             Elf (0/3) Orc:2       Volcano (visited)

Altars:
Ashenzari
Cheibriados
Dithmenos
Fedhas
Gozag
Hepliaklqana
Kikubaaqudgha
Makhleb
Nemelex Xobeh
Okawaru
Qazlal
Ru
Sif Muna
Trog
Uskayaw
Vehumet
Wu Jian
Xom
Yredelemnul
Zin
The Shining One

Shops:
D:3 *   D:4 !   D:9 *   D:11 ?   Orc:2 [(*[*

Annotations:
D:1 2 transporters
D:3 2 transporters, cremepuff's ghost, amateur KoBr
D:11 Josephine
Lair:4 exclusion: oklob plant
Orc:1 2 transporters, Sabo's ghost, journeyman FoMo


Innate Abilities, Weirdness & Mutations

You are small and have problems with some larger weapons.
You are completely attuned to the shadows.


Message History

The manticore bites you. The manticore completely misses you.
The manticore misses you.
The catoblepas breathes a plume of calcifying dust at you.
The blast of calcifying dust hits you.
The barbs in your skin will harm you if you move.
Continue? [Y]es or [N]o only, please.
The barbs in your skin will harm you if you move.
Continue?
Okay, then.
You feel better.
Your +4 spectral rapier disappears.
You are engulfed in calcifying dust.
You are slowing down.
The catoblepas gores you! You block the yak's attack. The manticore bites you!
The manticore completely misses you. The manticore misses you.
You completely miss the catoblepas.
The catoblepas is heavily wounded.
Your +4 spectral rapier hits the catoblepas.
You are engulfed in calcifying dust.
Your limbs have turned to stone.
You block the manticore's attack.
The manticore claws you but does no damage.
The manticore closely misses you. The yak gores you!
The catoblepas misses your +4 spectral rapier.
You have turned to stone.
Your +4 spectral rapier disappears.
You are engulfed in calcifying dust.
The yak gores you. The manticore bites you!
The manticore claws you but does no damage.
The manticore claws you!
* * * LOW HITPOINT WARNING * * *
You are engulfed in calcifying dust.
The catoblepas gores you!!
* * * LOW HITPOINT WARNING * * *
The yak gores you but does no damage. The manticore bites you!
* * * LOW HITPOINT WARNING * * *
The manticore claws you.
* * * LOW HITPOINT WARNING * * *
The manticore claws you.
* * * LOW HITPOINT WARNING * * *
You are engulfed in calcifying dust.
The yak gores you but does no damage. The manticore bites you!
You die...

### ###
###§##P[##
##P..§.Y..#
######
##...#.@H..P
#(..P#
##..P###Y....
##†.†####...##
##....
#.††.##...###
..##
##......###
.## #P.##...##
#######..##
### ##..#
##†### ##.###.


You could see a catoblepas, a manticore and a yak.

Vanquished Creatures
  Rupert (Lair:3)
  2 hydras
  Erica (D:8)
  5 death yaks
  3 two-headed ogres
  A catoblepas (Lair:5)
  An orc high priest (Orc:1)
  A skyshark (Lair:5)
  Pikel (D:9)
  6 orc knights
  A faun (Lair:1)
  A will-o-the-wisp (Lair:2)
  4 elephants (Lair:3)
  Maurice (D:8)
  2 black mambas
  10 cane toads
  An unseen horror (D:11)
  8 komodo dragons
  3 rime drakes
  2 kobold demonologists (D:10)
  An unseen horror zombie (D:9)
  A polar bear (Lair:4)
  5 trolls
  Prince Ribbit (D:9)
  18 blink frogs
  56 yaks
  Sigmund (D:5)
  3 shadows
  2 wyverns
  A basilisk (Lair:2)
  3 steam dragons (D:8)
  9 wargs
  2 vampire mosquitoes (D:11)
  3 nagas (Lair:2)
  A hell hound (Volcano)
  28 water moccasins
  34 orc warriors
  2 ice beasts (D:6)
  4 black bears
  38 wolves
  7 ogres
  5 centaurs
  A phantom (D:4)
  A lemure (D:9)
  6 kobold brigands
  Blork the orc (D:5)
  7 bullfrogs
  A necrophage (D:9)
  A gnoll sergeant (D:9)
  6 scorpions
  10 wights
  5 howler monkeys
  8 electric eels
  7 hounds
  3 gnoll boudas
  10 orc priests
  A centaur zombie (D:9)
  A human zombie (D:9)
  A jelly (D:6)
  A sleepcap (D:8)
  2 iguanas
  14 orc wizards
  A killer bee zombie (D:9)
  4 mummies (D:9)
  Robin (D:2)
  17 gnolls
  29 adders
  A shadow imp (D:7)
  2 white imps
  An ufetubus (D:4)
  5 worms
  4 dart slugs
  71 orcs
  7 endoplasms
  3 giant cockroaches
  15 goblins
  9 hobgoblins
  6 jackals (D:1)
  22 kobolds
  3 quokkas
  9 ball pythons
  6 bats
  7 frilled lizards
  3 rats
593 creatures vanquished.

Vanquished Creatures (others)
  6 spectral weapons
6 creatures vanquished.

Grand Total: 599 creatures vanquished

Notes
Turn   | Place    | Note
-------+----------+-------------------------------------------
     0 | D:1      | yourlovingmother the Kobold Brigand began the quest for the
                  | Orb.
     0 | D:1      | Reached XP level 1. HP: 12/12 MP: 1/1
   213 | D:1      | Reached XP level 2. HP: 17/17 MP: 2/2
   489 | D:1      | Reached XP level 3. HP: 16/21 MP: 3/3
   628 | D:1      | Found a transporter.
   913 | D:2      | Noticed Robin
  1151 | D:2      | Reached XP level 4. HP: 26/26 MP: 4/4
  1556 | D:2      | Killed Robin
  1557 | D:2      | Reached XP level 5. HP: 30/30 MP: 5/5
  2454 | D:3      | Found Butzyno's General Store.
  2555 | D:3      | Found a transporter.
  2557 | D:3      | Found a transporter.
  2557 | D:3      | Noticed cremepuff's ghost (amateur KoBr)
  2558 | D:3      | Noticed an ogre
  2559 | D:3      | Noticed an ogre
  2978 | D:4      | Reached XP level 6. HP: 35/35 MP: 6/6
  3132 | D:4      | Found Leryonum's Distillery.
  3138 | D:4      | Bought a potion of might for 48 gold pieces
  3138 | D:4      | Bought a potion of curing for 36 gold pieces
  3888 | D:5      | Entered Level 5 of the Dungeon
  3893 | D:5      | Noticed Blork the orc
  4152 | D:5      | Noticed Sigmund
  4278 | D:5      | Reached skill level 10 in Stealth
  4278 | D:5      | Reached XP level 7. HP: 40/40 MP: 7/7
  4404 | D:5      | Reached XP level 8. HP: 44/44 MP: 8/8
  4477 | D:5      | Killed Sigmund
  4599 | D:5      | Killed Blork the orc
  5333 | D:6      | Reached skill level 2 in Dodging
  5452 | D:6      | Found an opulent altar of Gozag.
  5452 | D:6      | Found a sparkling altar of Nemelex Xobeh.
  5773 | D:6      | Reached skill level 3 in Dodging
  5773 | D:6      | Reached XP level 9. HP: 31/49 MP: 9/9
  6065 | D:6      | Reached skill level 5 in Short Blades
  6134 | D:6      | Reached skill level 4 in Dodging
  6471 | D:4      | Bought a potion of haste for 120 gold pieces
  6862 | D:7      | Found a staircase to the Ecumenical Temple.
  6940 | Temple   | Entered the Ecumenical Temple
  7176 | Temple   | Became a worshipper of Uskayaw the Reveller
  7259 | D:7      | Found a broken altar of Ashenzari.
  7310 | D:7      | Reached * piety under Uskayaw
  7311 | D:7      | Reached skill level 5 in Dodging
  7330 | D:7      | Reached ** piety under Uskayaw
  7465 | D:7      | Reached *** piety under Uskayaw
  7542 | D:7      | Found a radiant altar of Vehumet.
  7767 | D:7      | You fall into a shaft and drop 3 floors!
  7767 | D:10     | Entered Level 10 of the Dungeon
  7841 | D:10     | Reached skill level 6 in Dodging
  8371 | D:9      | Found a snail-covered altar of Cheibriados.
  8744 | D:7      | Reached XP level 10. HP: 58/58 MP: 10/10
  8889 | D:8      | Noticed a two-headed ogre
  8915 | D:8      | Reached skill level 1 in Evocations
  8941 | D:8      | Found a sacrificial altar of Ru.
  8977 | D:8      | Reached skill level 7 in Dodging
  9038 | D:8      | Noticed Maurice
  9052 | D:8      | Reached skill level 5 in Fighting
  9357 | D:3      | Bought a scroll of brand weapon for 133 gold pieces
  9357 | D:3      | Bought a scroll of identify for 28 gold pieces
  9506 | D:9      | Found Imaf's Overcharged Wands.
  9624 | D:9      | Found a shadowy altar of Dithmenos.
  9625 | D:9      | Noticed a komodo dragon
  9627 | D:9      | Killed a komodo dragon
  9635 | D:9      | Found an ancient bone altar of Kikubaaqudgha.
  9661 | D:9      | Found a staircase to the Orcish Mines.
  9739 | D:9      | Noticed Pikel
  9752 | D:9      | Killed Pikel
  9752 | D:9      | Reached **** piety under Uskayaw
  9753 | D:9      | Reached skill level 8 in Dodging
  9985 | D:9      | Reached skill level 5 in Evocations
 10230 | D:9      | Found a bloodstained altar of Trog.
 10404 | D:9      | Found a staircase to the Lair.
 10490 | D:9      | Noticed a two-headed ogre
 10522 | D:9      | Killed a two-headed ogre
 10523 | D:9      | Reached skill level 9 in Dodging
 10523 | D:9      | Reached XP level 11. HP: 51/64 MP: 6/11
 10643 | D:9      | Noticed Prince Ribbit
 10647 | D:9      | Killed Prince Ribbit
 10649 | D:9      | Found a basalt altar of Yredelemnul.
 10676 | D:9      | Reached ***** piety under Uskayaw
 10887 | D:9      | Reached skill level 10 in Dodging
 11208 | D:8      | Killed Maurice
 11355 | D:8      | Noticed Erica
 11360 | D:8      | Killed Erica
 11515 | D:8      | Killed a two-headed ogre
 12114 | D:10     | Noticed a two-headed ogre
 12118 | D:10     | Killed a two-headed ogre
 12119 | D:10     | Reached skill level 10 in Short Blades
 12239 | D:10     | Reached XP level 12. HP: 51/73 MP: 12/12
 12360 | D:10     | Reached skill level 11 in Dodging
 13166 | D:11     | Reached skill level 12 in Dodging
 13312 | D:11     | Reached skill level 13 in Dodging
 13516 | D:11     | Noticed Josephine
 13618 | D:11     | Found Matemy's Magic Scroll Shoppe.
 13621 | D:11     | Bought a scroll of teleportation for 48 gold pieces
 13621 | D:11     | Bought a scroll of identify for 32 gold pieces
 13840 | Lair:1   | Entered Level 1 of the Lair of Beasts
 13857 | Lair:1   | Identified the +1 cloak "Umne Aruxt" {Dex+4 Slay+3}
 13948 | Lair:1   | Reached skill level 14 in Dodging
 13986 | Lair:1   | Reached ****** piety under Uskayaw
 14468 | Lair:1   | Reached skill level 10 in Evocations
 14569 | Lair:1   | Reached XP level 13. HP: 71/78 MP: 13/13
 15276 | Lair:2   | Found a staircase to the Swamp.
 15340 | Lair:2   | Reached skill level 15 in Dodging
 15521 | Lair:2   | Found a staircase to the Snake Pit.
 15904 | Lair:2   | You fall into a shaft and drop 1 floor!
 15921 | Lair:3   | Noticed Rupert
 16223 | Lair:2   | Noticed a six-headed hydra
 16233 | Lair:2   | Killed a six-headed hydra
 16299 | Lair:2   | Reached skill level 16 in Dodging
 17235 | Lair:3   | Killed Rupert
 17236 | Lair:3   | Reached XP level 14. HP: 53/84 MP: 9/14
 17602 | Lair:3   | Reached skill level 17 in Dodging
 18425 | Lair:4   | Found a staircase to the Slime Pits.
 18629 | Lair:4   | Reached skill level 18 in Dodging
 19123 | Lair:5   | Entered Level 5 of the Lair of Beasts
 19352 | Lair:4   | Identified the +1 short sword of Ashenzari, Imbibing
                  | {speed, Dex+4}
 19831 | Orc:1    | Entered Level 1 of the Orcish Mines
 20186 | Orc:1    | Found a dark tunnel.
 20197 | Volcano  | Entered a volcano
 20903 | Orc:1    | Found a transporter.
 20929 | Orc:1    | Noticed Sabo's ghost (journeyman FoMo)
 21056 | Orc:1    | Found a transporter.
 21237 | Orc:2    | Entered Level 2 of the Orcish Mines
 21632 | Orc:2    | Reached skill level 19 in Dodging
 22046 | Orc:2    | Found Duiboaph's Weapon Shop.
 22244 | Orc:2    | Found a staircase to the Elven Halls.
 22358 | Orc:2    | Found Tidiru's General Store.
 22363 | Orc:2    | Bought a wand of acid (5) for 315 gold pieces
 22363 | Orc:2    | Bought a scroll of identify for 30 gold pieces
 22515 | Orc:2    | Found Hent's General Store.
 22723 | Orc:2    | Bought a +1 pair of gloves of infusion for 198 gold pieces
 22797 | Orc:2    | Found Qyrofor's Armour Emporium.
 22802 | Orc:2    | Bought the +1 scale mail "Pethriem" {rCorr Stlth+} for 366
                  | gold pieces
 22896 | Orc:2    | Found Equco's Antique Armour Emporium.
 23237 | Lair:5   | Reached XP level 15. HP: 88/88 MP: 4/15
 23374 | Lair:5   | Reached skill level 20 in Dodging
 23467 | Lair:5   | Slain by a manticore

Illustrated notes

Levels and vault maps discovered:
D:1:      spicycebolla_arrival_transporter_tutorial, layout_loops_ring,
          nrook_campfire
D:2:      layout_loops_corners, uniq_robin
D:3:      layout_basic, gammafunk_ghost_smash, serial_shops, shop
D:4:      layout_cave_pools, serial_shops, nicolae_shop_industrial_runoff,
          hangedman_abyss_or_decor_stagger, patterned_corridor
D:5:      layout_rooms, chequers_serial_rivers_small_b, uniq_blork_the_orc,
          uniq_sigmund
D:6:      layout_loops_ring, grunt_temple_overflow_opulence
D:7:      layout_cave_pods, ashenzari_altar_1, nicolae_vehumet_altar_sigil,
          minmay_temple_entry_arrows
D:8:      layout_gridville, kennysheep_mini_moat, serial_bayou_crossing,
          uniq_maurice, uniq_erica
D:9:      layout_stronghold, lemuel_tele_altar, nicolae_overflow_crystal_walls,
          lemuel_mausoleum_altar_yredelemnul,
          mainiacjoe_overflow_large_starburst, general_overflow_altar,
          erik_lair_island, serial_bayou_pond_e, nicolae_shop_overcharged_wands,
          uniq_prince_ribbit1, uniq_pikel
D:10:     layout_basic, enter_bailey_5
D:11:     layout_roguey, serial_shops, shop, gauntlet_entry_generic,
          ebering_dispersal_statue_hall, uniq_josephine
Temple:   chequers_temple_sunken
Lair:1:   layout_roguey, grunt_forest_large_clearings, lemuel_fruit_tree
Lair:2:   lemuel_reptile_caves, layout_gridlike, minmay_swamp_entry_wisps,
          minmay_snake_entry_guardpost_medium
Lair:3:   layout_gridlike, uniq_rupert
Lair:4:   layout_regular_city, slime_entry_1, chequers_serial_rivers_micro_b,
          chequers_serial_rivers_marsh, serial_bayou_pond_d,
          chequers_serial_rivers_micro_b, small_statue_intersection,
          wad_woods_river_04, st_stairs_7, serial_bayou_shore_b
Lair:5:   evilmike_catoblepas_cave, layout_cave_shapes,
          hellmonk_ghost_happy_afterlife, grunt_megastairs_2, uniq_snorg
Orc:1:    layout_caves, enter_volcano_1, gammafunk_ghost_arena
Orc:2:    st_orc_town, layout_caves, serial_shops, nicolae_shop_tiny_waterfront,
          basic_altar

Skill      XL: |  1  2  3  4  5  6  7  8  9 10 11 12 13 14 15 |
---------------+----------------------------------------------+-----
Short Blades   | 3 4 6 8 10 11 | 11.1
Stealth        | 6 7 8 10 12 14 | 14.0
Dodging        | 3 6 9 10 14 16 19 20 | 20.0
Fighting       | 4 6 8 |  8.0
Throwing       | 4 |  4.6
Evocations     | 6 8 10 13 14 | 14.0
Shields        | |  0.9

Action                     |  1- 3 |  4- 6 |  7- 9 | 10-12 | 13-15 || total
---------------------------+-------+-------+-------+-------+-------++-------
  Melee: Dagger            |    65 |   323 |   388 |       |       ||   776
         Punch             |     1 |     4 |     4 |     6 |    12 ||    27
         Short sword       |       |       |    26 |   506 |   430 ||   962
         Rapier            |       |       |       |       |   385 ||   385
  Throw: Dart              |       |     7 |       |       |       ||     7
 Invoke: Line Pass         |       |       |     5 |     4 |     7 ||    16
  Evoke: Wand              |       |       |       |       |     9 ||     9
    Use: Scroll            |       |     3 |     5 |     8 |     9 ||    25
         Potion            |       |       |     7 |       |     5 ||    12
   Stab: Sleeping          |    14 |    29 |    22 |    56 |    62 ||   183
         Distracted        |     1 |       |     1 |       |    12 ||    14
         Paralysed         |       |       |     1 |    25 |    43 ||    69
         Confused          |       |       |     1 |       |     4 ||     5
 Armour: Robe              |    11 |    29 |    13 |       |       ||    53
         Leather armour    |       |       |    17 |    24 |    22 ||    63
         Chain mail        |       |       |       |       |    10 ||    10
         Troll leather arm |       |       |       |       |     2 ||     2
         Scale mail        |       |       |       |       |     6 ||     6
  Dodge: Dodged            |    40 |   188 |   249 |   312 |   583 ||  1372
  Block: Other             |       |    45 |    69 |    76 |   125 ||   315
         Reflection        |       |       |     1 |     3 |     4 ||     8
